 Dungeon Crawl Stone Soup version 0.14-a0-2327-g5ff15cf (webtiles) character file.

235 Econoterrorist the Scratcher (level 5, -14/22 HPs)
             Began as a Felid Transmuter on Jan 29, 2014.
             Demolished by a hobgoblin
             ... wielding a +2,+1 hammer of distortion
              (19 damage)
             ... on Level 2 of the Dungeon.
             The game lasted 00:13:59 (4086 turns).

Econoterrorist the Scratcher (Felid Transmuter)     Turns: 4086, Time: 00:14:01

HP -14/22        AC  1     Str  7      XL: 5   Next:  4%
MP  11/12        EV 18     Int 15      God:
Gold 93          SH  0     Dex 16      Spells:  2 memorised,  4 levels left
Lives: 0, deaths: 1

rFire  . . .     SeeInvis +       - Unarmed
rCold  . . .     Clarity  .     (armour unavailable)
rNeg   . . .     Conserve .     (shield unavailable)
rPois  .         rCorr    .     (helmet unavailable)
rElec  .         rRot     .     (cloak unavailable)
SustAb . .       Spirit   .     (gloves unavailable)
rMut   .         Warding  .     (boots unavailable)
Saprov . . .     Stasis   .     (no amulet)
MR     .....                    (no ring)
                                (no ring)

@: appendage, quick, not resistant to hostile enchantments, fairly stealthy
A: paw claws, no armour, no advanced items, fangs 3, horns 2, see invisible,
carnivore 3, speed 1, shaggy fur 1, slow metabolism 1, jump 1
a: Jump Attack, End Transformation


You were on level 2 of the Dungeon.
You were full.
You had grown temporary horns.
You visited 1 branch of the dungeon, and saw 2 of its levels.

You collected 93 gold pieces.

Inventory:

Missiles
 b - 12 arrows
Comestibles
 a - a meat ration
Scrolls
 c - a scroll of enchant weapon I {unknown}
 e - a scroll of curse jewellery {unknown}
 f - a scroll of random uselessness {unknown}
 g - 2 scrolls of remove curse {unknown}
 i - a scroll of blinking {unknown}
 j - a scroll of identify {unknown}
 k - a scroll of recharging {unknown}
 l - a scroll of curse weapon {unknown}
Potions
 h - a potion of restore abilities
Books
 d - a book of Changes

   Spells                             Type                      Level
   *Beastly Appendage                 Transmutation                1
   Sticks to Snakes                   Transmutation                2
   *Spider Form                       Transmutation/Poison         3
   Ice Form                           Ice/Transmutation            4
   Blade Hands                        Transmutation                5


   Skills:
 - Level 1.0 Fighting
 - Level 2.6 Dodging
 - Level 6.0 Unarmed Combat
 - Level 2.0 Spellcasting
 + Level 2.3 Transmutations
 + Level 0.5 Poison Magic


You had 4 spell levels left.
You knew the following spells:

 Your Spells              Type           Power        Failure   Level  Hunger
a - Beastly Appendage     Trmt           #.....       12%         1    #......
b - Spider Form           Trmt/Pois      #.........   43%         3    ####...


Dungeon Overview and Level Annotations

Branches:
Dungeon (2/16)

Altars:


Innate Abilities, Weirdness & Mutations

You cannot wear armour.
You are incapable of any advanced item manipulation.
Your paws have sharp claws.*
You have razor-sharp teeth.*
You have supernaturally acute eyesight.
You are carnivorous and can eat meat at any time.
You cover ground quickly.*
You are covered in fur (AC +1).*
You have a slow metabolism.
You can jump attack at a short distance.
You have a pair of horns on your head.*


Message History

You see here a stone.
The hobgoblin throws a stone.
The stone misses you.
The hobgoblin throws a stone.
The stone misses you.
Casting: Spider Form
Confirm with . or Enter, or press ? or * to list all spells.
You grow a pair of large bovine horns.
The hobgoblin throws a stone.
The stone misses you.
The hobgoblin throws a stone.
The stone misses you.
The hobgoblin hits you with a runed hammer!
Space bends around you.
You scratch the hobgoblin.
The hobgoblin begins to bleed from its wounds!
The hobgoblin is moderately wounded.
You scratch the hobgoblin but do no damage.
The hobgoblin is moderately wounded.
The hobgoblin hits you with a hammer of distortion.
* * * LOW HITPOINT WARNING * * *
Space warps horribly around you!
Ouch! That really hurt!
You die...

#.##.(.#..........
#.##...#..(.......
#.##...#.<).......
#.##...#..........
#.##............##
#.##..(#.##.###.##
#.###.##.<........
##g###(#####%###.##
#<@.##.# #.# #.#
#...##.#####.###.#
#....%(#....>....#
#...##%#.........##
#...##.#...........
#...##.#.........#.
#.(.##.#........)#.
#.####.#########.#)
#.# #.# #.#.


You could see a hobgoblin (bleeding).

Vanquished Creatures
  Crazy Yiuf (D:2)
  Ijyb (D:2)
  Jessica (D:2)
  A gnoll (D:1)
  4 adders
  An inept feature mimic (D:2)
  A worm (D:2)
  3 giant geckos
  5 bats
  9 goblins
  7 hobgoblins
  2 jackals (D:2)
  7 kobolds
  4 giant cockroaches
  11 giant newts
  4 rats
62 creatures vanquished.

Notes
Turn   | Place    | Note
--------------------------------------------------------------
     0 | D:1      | Econoterrorist, the Felid Transmuter, began the quest for the Orb.
     0 | D:1      | Reached XP level 1. HP: 9/9 MP: 4/4
    13 | D:1      | Reached XP level 2. HP: 8/12 MP: 5/5
   392 | D:1      | Reached skill level 4 in Unarmed Combat
   651 | D:1      | Reached XP level 3. HP: 1/15 MP: 6/8
  1657 | D:2      | Reached XP level 4. HP: 13/19 MP: 8/10
  1663 | D:2      | Reached skill level 5 in Unarmed Combat
  1736 | D:2      | Succumbed to poison (a potion of poison)
  1737 | D:2      | Reached XP level 3. HP: 0/15 MP: 8/8
  1738 | D:2      | Noticed Jessica
  1748 | D:2      | Killed Jessica
  2147 | D:2      | Reached XP level 4. HP: 13/19 MP: 10/10
  2825 | D:2      | Noticed Ijyb
  2838 | D:2      | Killed Ijyb
  3881 | D:2      | Noticed Crazy Yiuf
  3887 | D:2      | Learned a level 3 spell: Spider Form
  3907 | D:2      | Killed Crazy Yiuf
  3907 | D:2      | Reached skill level 6 in Unarmed Combat
  3907 | D:2      | Reached XP level 5. HP: 12/22 MP: 6/12
  4086 | D:2      | Demolished by a hobgoblin

Action                   |  1- 3 |  4- 6 || total
-------------------------+-------+-------++-------
Melee: Unarmed           |   114 |    79 ||   193
 Cast: Beastly Appendage |    17 |     7 ||    24
       Spider Form       |       |     1 ||     1
  Use: Potion            |     5 |     1 ||     6
 Stab: Sleeping          |     1 |       ||     1
